 Dungeon Crawl Stone Soup version 0.21.1-1-g345015f (webtiles) character file.

5749 Hebeh the Covert (level 10, -1/88 HPs)
             Began as a Deep Dwarf Fighter on June 13, 2018.
             Was a Believer of Makhleb.
             Slain by a 17-headed hydra (4 damage)
             ... on level 1 of the Lair of Beasts.
             The game lasted 01:16:32 (7785 turns).

Hebeh the Covert (Deep Dwarf Fighter)               Turns: 7785, Time: 01:16:33

Health: -1/88      AC: 17    Str: 23    XL:     10   Next: 49%
Magic:  13/13      EV:  8    Int: 11    God:    Makhleb [**....]
Gold:   231        SH: 11    Dex: 12    Spells: 16/16 levels left

rFire    . . .     SeeInvis +   D - +2 war axe "Kemi" {freeze, Int+2}
rCold    . . .     Gourm    .   c - +0 shield
rNeg     . . .     Faith    .   x - +3 plate armour of Gluttony {MP+9 Stlth+}
rPois    .         Spirit   .   m - +0 helmet
rElec    .         Reflect  .   (no cloak)
rCorr    .         Harm     .   (no gloves)
MR       +....                  (no boots)
Stlth    +.........             (no amulet)
HPRegen  0.00/turn              l - +3 ring of evasion
MPRegen  0.13/turn              y - ring of see invisible

@: non-regenerating
A: damage resistance, heal wounds, sense surroundings 2, no regeneration
a: Heal Wounds, Minor Destruction, Renounce Religion


You were on level 1 of the Lair of Beasts.
You worshipped Makhleb.
Makhleb was pleased with you.
You were not hungry.

You visited 3 branches of the dungeon, and saw 11 of its levels.
You also visited: Ossuary.

You collected 413 gold pieces.
You spent 182 gold pieces at shops.

Inventory:

Hand Weapons
 C - a +0 spear of freezing
 D - the +2 war axe "Kemi" (weapon) {freeze, Int+2}
   (You found it in an ossuary)

   It has been specially enchanted to freeze those struck by it, causing extra
   injury to most foes and up to half again as much damage against particularly
   susceptible opponents.
   It can also slow down cold-blooded creatures.
   It affects your intelligence (+2).
Missiles
 j - 237 stones (quivered)
Armour
 c - a +0 shield (worn)
 m - a +0 helmet (worn)
 x - the +3 plate armour of Gluttony (worn) {MP+9 Stlth+}
   (You found it on level 4 of the Dungeon)

   It affects your magic capacity (+9).
   It makes you more stealthy.
Jewellery
 l - a +3 ring of evasion (left hand)
 y - a ring of see invisible (right hand)
 J - an uncursed ring of flight {unknown}
Wands
 a - a wand of polymorph (15)
 A - a wand of disintegration (7)
 G - a wand of iceblast (31)
 K - a wand of clouds (5)
Scrolls
 h - 4 scrolls of identify
 i - 5 scrolls of enchant armour {unknown}
 k - a scroll of blinking {unknown}
 n - a scroll of magic mapping {unknown}
 o - a scroll of fog {unknown}
 u - 2 scrolls of immolation {unknown}
 B - 6 scrolls of teleportation
 H - 2 scrolls of remove curse {unknown}
 I - 2 scrolls of fear
 M - a scroll of vulnerability {unknown}
Potions
 b - a potion of magic {unknown}
 d - a potion of might
 e - 4 potions of agility {unknown}
 g - 3 potions of curing
 p - a potion of brilliance {unknown}
 q - a potion of invisibility {unknown}
 t - 3 potions of flight {unknown}
 w - 4 potions of degeneration {unknown}
 z - 2 potions of heal wounds
 E - a potion of haste {unknown}
 F - 2 potions of lignification {unknown}
Books
 r - a book of Maledictions

   Spells                             Type                      Level
   a - Corona                         Hexes                        1
   b - Ensorcelled Hibernation        Hexes/Ice                    2
   c - Confuse                        Hexes                        3
   d - Tukima's Dance                 Hexes                        3
   e - Dazzling Spray                 Conjuration/Hexes            3
 s - a book of Conjurations

   Spells                             Type                      Level
   a - Magic Dart                     Conjuration                  1
   b - Searing Ray                    Conjuration                  2
   c - Dazzling Spray                 Conjuration/Hexes            3
   d - Fulminant Prism                Conjuration/Hexes            4
   e - Force Lance                    Conjuration/Translocation    4
   f - Iskenderun's Mystic Blast      Conjuration                  4
 v - a book of Air

   Spells                             Type                      Level
   a - Shock                          Conjuration/Air              1
   b - Swiftness                      Charms/Air                   2
   c - Static Discharge               Conjuration/Air              3
   d - Airstrike                      Air                          4
   e - Lightning Bolt                 Conjuration/Air              5
 L - a book of Misfortune

   Spells                             Type                      Level
   a - Confusing Touch                Hexes                        1
   b - Confuse                        Hexes                        3
   c - Gell's Gravitas                Translocation                3
   d - Petrify                        Transmutation/Earth          4
   e - Metabolic Englaciation         Hexes/Ice                    5
   f - Yara's Violent Unravelling     Hexes/Transmutation          5
Comestibles
 f - 9 rations


   Skills:
 + Level 5.4 Fighting
 * Level 8.9 Axes
 + Level 6.7 Armour
 - Level 0.1 Dodging
 * Level 9.0 Stealth
 + Level 7.0 Shields
 + Level 3.5 Spellcasting
 + Level 5.3 Invocations
 + Level 4.7 Evocations


You had 16 spell levels left.
You didn't know any spells.

Dungeon Overview and Level Annotations

Branches:
Dungeon (9/15)             Temple (1/1) D:4            Lair (1/6) D:8
    Orc: D:9-12

Altars:
Ashenzari
Cheibriados
Dithmenos
Elyvilon
Fedhas
Gozag
Hepliaklqana
Kikubaaqudgha
Makhleb
Nemelex Xobeh
Okawaru
Qazlal
Ru
Sif Muna
Trog
Uskayaw
Vehumet
Wu Jian
Xom
Yredelemnul
Zin
The Shining One
Beogh

Shops:
D:4 !   D:7 ?   D:8 %


Innate Abilities, Weirdness & Mutations

You are resistant to damage.
You can heal yourself by infusing magical energy.
You passively map the area around you.
You do not regenerate.


Message History

The 17-headed hydra bites you but does no damage.
Your magical essence is drained by the effort!
You feel much better.
The 17-headed hydra bites you but does no damage. x2
The 17-headed hydra completely misses you.
The 17-headed hydra bites you but does no damage.
The 17-headed hydra bites you!
* * * LOW HITPOINT WARNING * * *
The 17-headed hydra bites you but does no damage.
You block the 17-headed hydra's attack. The 17-headed hydra bites you.
* * * LOW HITPOINT WARNING * * *
The 17-headed hydra bites you!
* * * LOW HITPOINT WARNING * * *
The 17-headed hydra bites you but does no damage.
The 17-headed hydra bites you. You block the 17-headed hydra's attack.
The 17-headed hydra bites you but does no damage.
The 17-headed hydra closely misses you. The 17-headed hydra bites you!
* * * LOW HITPOINT WARNING * * *
The 17-headed hydra barely misses you. The 17-headed hydra bites you.
You die...

, , * ... *#...[... *
..# ,#....... , ** ..##
#....... ** ######.P #
#.P#.#. *
,######.#.##.##.#* #
###. , , ..............#
####.. , ,
#..###.#..#### ##.#..# ,
, * ,
,#.....#....###...... ,
,#.#@#.##..#......... ,
#..D#........#...... ,
#....##.#...##........
....#.....#....###......
* * *#.. ###.P..#####
#...).. #. ,..#.., *
####### # *### *


You could see a 17-headed hydra.

Vanquished Creatures
  A two-headed ogre (D:8)
  The ghost of Threepwind the Cudgeler, a novice GrGl (D:5)
  A troll (D:5)
  Prince Ribbit (D:4)
  2 yaks (D:8)
  A hungry ghost (D:7)
  2 water moccasins
  8 porcupines
  2 black bears
  An orc warrior (D:8)
  3 phantoms
  A sky beast (D:7)
  2 ice beasts
  4 ogres
  5 centaurs
  A big kobold (D:7)
  2 bullfrogs (D:7)
  A gnoll sergeant (D:5)
  2 scorpions
  3 killer bees (D:8)
  3 crimson imps
  2 centaur zombies (Ossuary)
  3 hounds
  3 orc wizards
  2 orc priests
  A bullfrog skeleton (D:5)
  A jelly (D:7)
  2 iguanas (D:5)
  3 worker ants
  A big kobold zombie (Ossuary)
  The ghost of tidbits the Grave Robber, a weakling GnNe (D:4)
  2 hound skeletons
  2 mummies (Ossuary)
  2 worker ant zombies (D:7)
  A howler monkey skeleton (D:7)
  5 adders
  11 gnolls
  2 shadow imps
  An ooze (D:1)
  2 adder zombies (Ossuary)
  An adder skeleton (D:4)
  5 worms
  6 dart slugs
  2 leopard geckos
  11 orcs
  9 bats
  4 giant cockroaches
  10 goblins
  4 hobgoblins
  12 jackals
  3 quokkas
  5 frilled lizards
  A goblin zombie (Ossuary)
  9 hobgoblin zombies (Ossuary)
  A jackal zombie (Ossuary)
  11 kobolds
  15 kobold zombies (Ossuary)
  3 orc zombies (Ossuary)
  7 rats
  3 rat zombies (Ossuary)
  7 fungi (D:8)
  3 plants
226 creatures vanquished.

Vanquished Creatures (others)
  A fungus (D:8)
  A plant (D:8)
2 creatures vanquished.

Grand Total: 228 creatures vanquished

Notes
Turn   | Place    | Note
-------+----------+-------------------------------------------
     0 | D:1      | Hebeh the Deep Dwarf Fighter began the quest for the Orb.
     0 | D:1      | Reached XP level 1. HP: 20/20 MP: 1/1
    46 | D:1      | Reached XP level 2. HP: 24/27 MP: 2/2
   140 | D:1      | Reached XP level 3. HP: 28/33 MP: 3/3
   834 | D:2      | Reached XP level 4. HP: 29/40 MP: 4/4
  1547 | D:3      | Reached XP level 5. HP: 48/49 MP: 5/5
  1806 | D:3      | Noticed a phantom
  1834 | D:3      | Killed a phantom
  1834 | D:3      | Reached skill level 2 in Stealth
  2019 | D:3      | Reached XP level 6. HP: 41/56 MP: 6/6
  2100 | D:3      | Found a roughly hewn altar of Beogh.
  2337 | D:4      | Got a blackened plate armour
  2338 | D:4      | Identified the +3 plate armour of Gluttony {MP+9 Stlth+} (You found it on level 4 of the Dungeon)
  2454 | D:4      | Found Turodet's Distillery.
  2460 | D:4      | Bought a potion of curing for 39 gold pieces
  2460 | D:4      | Bought a potion of heal wounds for 65 gold pieces
  2467 | D:5      | Entered Level 5 of the Dungeon
  2467 | D:5      | Noticed Prince Ribbit
  2472 | D:5      | Noticed a water moccasin
  2707 | D:5      | Noticed an ice beast
  2716 | D:5      | Killed a water moccasin
  2716 | D:5      | Reached skill level 5 in Axes
  2716 | D:5      | Reached skill level 3 in Stealth
  2720 | D:5      | Killed an ice beast
  2720 | D:5      | Reached XP level 7. HP: 31/62 MP: 5/5
  2744 | D:4      | Reached skill level 5 in Shields
  2828 | D:4      | Killed Prince Ribbit
  2828 | D:4      | Reached skill level 4 in Stealth
  2828 | D:4      | Reached skill level 1 in Spellcasting
  2848 | D:4      | Noticed tidbits's ghost (weakling GnNe)
  2861 | D:4      | Killed tidbits's ghost
  3005 | D:4      | Found a staircase to the Ecumenical Temple.
  3011 | Temple   | Entered the Ecumenical Temple
  3206 | Temple   | Became a worshipper of Makhleb the Destroyer
  3670 | D:5      | Noticed Threepwind's ghost (novice GrGl)
  3719 | D:5      | Killed Threepwind's ghost
  3719 | D:5      | Reached skill level 5 in Armour
  3719 | D:5      | Reached skill level 5 in Stealth
  3719 | D:5      | Reached skill level 1 in Invocations
  3719 | D:5      | Reached XP level 8. HP: 27/72 MP: 7/7
  3922 | D:5      | Found a bloodstained altar of Trog.
  3992 | D:5      | Noticed a troll
  4009 | D:5      | Killed a troll
  4009 | D:5      | Reached skill level 1 in Evocations
  4073 | D:6      | Reached skill level 6 in Stealth
  4083 | D:6      | Found a sand-covered staircase.
  4095 | Ossuary  | Entered an ossuary
  4171 | Ossuary  | Reached * piety under Makhleb
  4313 | Ossuary  | Got a fine war axe
  4414 | D:6      | Identified the +2 war axe "Kemi" {freeze, Int+2} (You found it in an ossuary)
  4674 | D:6      | Gained mutation: You passively map the area around you. [Deep Dwarf growth]
  4674 | D:6      | Reached XP level 9. HP: 68/79 MP: 6/6
  5350 | D:7      | Reached ** piety under Makhleb
  5356 | D:7      | Reached skill level 7 in Stealth
  5699 | D:7      | Found Zoiseif's Magic Scroll Emporium.
  5718 | D:7      | Bought a scroll of teleportation for 36 gold pieces
  5718 | D:7      | Bought a scroll of fear for 42 gold pieces
  6242 | D:7      | Found a glowing silver altar of Zin.
  6243 | D:7      | Noticed an angel
  6529 | D:8      | Found a staircase to the Lair.
  6539 | D:8      | Reached skill level 8 in Stealth
  6540 | D:8      | Reached skill level 5 in Fighting
  6579 | D:8      | Reached XP level 10. HP: 39/88 MP: 7/7
  6716 | D:8      | Noticed a two-headed ogre
  6725 | D:8      | Killed a two-headed ogre
  6725 | D:8      | Reached skill level 5 in Invocations
  7117 | D:8      | Found Fazxolisi's Food Emporium.
  7297 | D:8      | Reached skill level 9 in Stealth
  7713 | Lair:1   | Entered Level 1 of the Lair of Beasts
  7765 | Lair:1   | Noticed a six-headed hydra
  7785 | Lair:1   | HP: 3/88 [17-headed hydra (7)]
  7785 | Lair:1   | Slain by a 17-headed hydra

Skill      XL: |  1  2  3  4  5  6  7  8  9 10 |
---------------+-------------------------------+-----
Shields        | 4 5 6 7 |  7.0
Axes           | 3 4 5 6 7 8 |  8.9
Fighting       | 3 4 5 |  5.4
Armour         | 4 5 6 |  6.7
Stealth        | 2 3 5 6 8 9 |  9.0
Spellcasting   | 1 2 3 |  3.5
Invocations    | 1 3 4 5 |  5.3
Evocations     | 2 3 4 |  4.7
Dodging        | |  0.1

Action                   |  1- 3 |  4- 6 |  7- 9 | 10-12 || total
-------------------------+-------+-------+-------+-------++-------
Melee: War axe           |   122 |   234 |   444 |   157 ||   957
 Abil: Heal Wounds       |       |     9 |    13 |     7 ||    29
Evoke: Wand              |       |       |     1 |       ||     1
  Use: Scroll            |     1 |     2 |     3 |     1 ||     7
  Eat: Chunk             |       |     5 |     8 |     5 ||    18
       Ration            |       |       |     2 |       ||     2
Armor: Scale mail        |    91 |    49 |       |       ||   140
       Plate armour      |       |    37 |   187 |   132 ||   356
Dodge: Dodged            |    66 |    90 |   131 |    82 ||   369
Block: Shield            |   107 |   124 |   240 |   113 ||   584
